Map: Frozen Temple

Players

Fropez - Winner!

  • Race: Protoss Protoss
  • League: Silver
  • Spawn Location: 11:00

Snakeus

  • Race: Terran Terran
  • League: Silver
  • Spawn Location: 5:00

VOD

Have the link to the VOD?

Description

Time

  • Played on: May 18, 2016, 12:27 p.m.
  • Length: 9:36
Show
View Real Time Build Order
Export as new Build Order

Fropez Protoss - Winner!

Build Orders:  

Get SALT Encoding   

  12  0:01  Probe (Chrono Boost)  
  13  0:15  Pylon  
  13  0:20  Probe (Chrono Boost)  
  14  0:40  Gateway  
  15  0:43  Probe (Chrono Boost)  
  15  0:49  Gateway  
  15  0:54  Probe (Chrono Boost)  
  16  0:59  Assimilator  
  16  1:04  Probe (Chrono Boost)  
  16  1:09  Pylon  
  17  1:15  Probe (Chrono Boost)  
  19  1:25  Probe (Chrono Boost)  
  19  1:28  Cybernetics Core  
  19  1:36  Probe (Chrono Boost)  
  19  1:38  Assimilator  
  20  1:50  Forge  
  20  1:51  Probe (Chrono Boost)  
  21  2:02  Probe (Chrono Boost)  
  21  2:04  Stalker  
  24  2:12  Probe (Chrono Boost)  
  25  2:17  Stalker  
  27  2:24  Protoss Ground Weapons Level 1 (Chrono Boost)  
  27  2:30  Warp Gate (Chrono Boost)  
  27  2:42  Probe  
  28  2:46  Stalker  
  30  2:57  Probe  
  31  3:08  Pylon  
  31  3:14  Pylon  
  31  3:31  Stalker  
  31  3:32  Stalker  
  33  3:36  Photon Cannon  
  33  3:40  Photon Cannon  
  33  3:43  Pylon  
  33  3:46  Mothership Core (Chrono Boost)  
  35  4:01  Stalker  
  35  4:02  Stalker  
  39  4:04  Probe (Chrono Boost)  
  40  4:15  Protoss Ground Armor Level 1 (Chrono Boost)  
  40  4:16  Probe  
  41  4:20  Twilight Council  
  41  4:28  Probe  
  42  4:48  Stalker  
  42  4:51  Photon Cannon  
  44  4:56  Pylon  
  44  5:08  Blink (Chrono Boost)  
  44  5:11  Pylon  
  44  5:14  Probe  
  45  5:26  Probe  
  46  5:29  Pylon  
  46  5:38  Probe  
  47  5:50  Probe  
  47  5:51  Photon Cannon, Stalker x2  
  52  6:00  Pylon  
  52  6:02  Probe  
  53  6:06  Protoss Ground Weapons Level 2 (Chrono Boost)  
  53  6:14  Probe  
  54  6:19  Robotics Facility  
  54  6:26  Probe  
  54  6:27  Gateway  
  55  6:39  Probe  
  56  6:42  Photon Cannon  
  56  6:45  Stalker  
  58  6:49  Photon Cannon, Stalker  
  60  6:57  Probe  
  61  7:25  Probe  
  62  7:36  Nexus  
  62  7:55  Pylon, Photon Cannon  
  64  8:00  Immortal  
  60  8:22  Probe  
  61  8:34  Probe  
  61  8:40  Assimilator  
  62  8:42  Assimilator  
  62  8:44  Pylon  
  62  8:54  Probe  
  62  8:57  Probe  
  62  9:01  Stalker  
Show
View Real Time Build Order
Export as new Build Order

Snakeus Terran 

Build Orders:  

Get SALT Encoding   

  12  0:00  SCV  
  13  0:27  Supply Depot  
  13  0:29  SCV  
  14  0:41  SCV  
  15  0:52  Barracks  
  15  1:00  SCV  
  15  1:02  Barracks  
  16  1:12  SCV  
  17  1:29  Barracks  
  17  1:40  SCV, Supply Depot  
  17  1:42  Barracks  
  18  1:51  Marine x2  
  18  1:52  SCV  
  21  2:11  Barracks  
  21  2:12  Marine x2  
  23  2:24  Supply Depot  
  23  2:26  Marine  
  24  2:30  Marine  
  25  2:39  Marine x2  
  25  2:43  Marine  
  28  2:47  Marine  
  29  2:57  Marine x2  
  29  2:58  Marine  
  32  3:01  Marine  
  32  3:03  Supply Depot  
  33  3:05  Marine  
  34  3:15  Marine x3  
  34  3:19  Marine  
  38  3:44  Marine x5  
  43  3:51  Supply Depot  
  43  4:02  Marine x4  
  47  4:10  Marine  
  47  4:14  Supply Depot  
  47  4:19  Marine  
  47  4:20  Marine  
  45  4:33  Marine x3  
  45  4:37  Marine x2  
  50  4:51  Marine x3  
  47  4:55  Marine x2  
  49  5:09  Marine x3  
  49  5:11  Refinery  
  49  5:12  Refinery  
  49  5:13  Marine x2  
  54  5:14  Engineering Bay  
  54  5:26  Marine  
  54  5:27  Marine x2  
  57  5:31  Marine x2  
  57  5:44  SCV  
  58  5:56  SCV  
  59  6:01  Marine x4  
  63  6:13  Supply Depot  
  63  6:21  Marine x2  
  63  6:22  Marine x2  
  63  6:23  Marine  
  60  6:36  Terran Infantry Weapons Level 1  
  60  6:39  Marine x2  
  62  6:40  Marine x2  
  62  6:41  Marine  
  65  6:48  Factory  
  65  6:55  Supply Depot  
  65  6:57  Marine  
  58  7:22  Marine x5  
  63  7:33  Factory Tech Lab  
  63  7:37  Factory  
  59  7:51  Marine x5  
  59  8:02  Supply Depot  
  42  8:27  Siege Tank  
  35  8:59  Marine x2, Siege Tank  
  35  9:00  Marine x3  
  43  9:17  Marine, Factory Tech Lab  
Tags
 
Matchup
PvT
Replay Pack
All Mines
Spawn Locations
Cross Positions
Add a new tag
Caveats
  • Supply blocks, unpowered buildings, or Contaminate may cause inaccurate times.
  • Supply counts are checked every 10 seconds.